AoeStats
← 海峡

Marketplace

505371044Analyzed
1v1 RM · 25d ago on Sep 9, 2026· 19m 17s· 2 players
Game mode
Random Map
Map size
Tiny (2 player)
Population
200
Speed
Normal
Resources
Standard
Victory
Conquest
Starting age
Dark Age
Ending age
Imperial Age
RankedLock teamsTeams togetherTeam positionsShared explorationLock speedFull tech treeHidden civsTurbo modeCheats
Victory
Defeat
🇲🇽 Malians · Mexico
1654
+15
🇨🇳 Magyars · China
1643
-15
海峡
6:44 Loom
8:54 Feudal Age
8:56 Man-at-Arms
12:38 Loom
17:36 Castle Age
15:46 Horse Collar
15:55 Double-Bit Axe
15:52 Horse Collar
La Calabaza
10:17 Feudal Age
8:50 Loom
14:27 Castle Age
13:26 Double-Bit Axe
Connection lost

Rejoining the realm…

Still unreachable

The connection could not be restored.

Session expired

The server has moved on; the page needs a fresh start.